 Dungeon Crawl Stone Soup version 0.31-a0-180-g519b7de00c (webtiles) character file.

Game seed: 15659752775044152928

50271 qw the Marksnaga (level 14, -1/135 HPs)
             Began as a Naga Hunter on June 20, 2023.
             Was a High Priest of Okawaru.
             Slain by an eight-headed hydra (9 damage)
             ... on level 13 of the Dungeon.
             The game lasted 00:07:26 (17883 turns).

qw the Marksnaga (Naga Hunter)                     Turns: 17883, Time: 00:07:27

Health: -1/135     AC: 14    Str: 18    XL:     14   Next: 54%
Magic:  21/21      EV: 25    Int: 10    God:    Okawaru [*****.]
Gold:   1247       SH:  0    Dex: 25    Spells: 13/13 levels left

rFire   + . .        Y - +0 longbow
rCold   + . .        (shield currently unavailable)
rNeg    . . .        k - +5 leather armour of Gozag's Pride {Str+4 Slay+2}
rPois   +            d - +2 hat
rElec   .            i - scarf {rC+ rF+}
rCorr   .            (no gloves)
SInv    +            (no barding)
Will    +....        (no amulet)
Stlth   ++++         p - +6 ring of dexterity
HPRegen 0.42/turn    b - +5 ring of evasion
MPRegen 0.17/turn

%: no passive effects
@: about to teleport, heroic, very slow
A: AC +4, large, see invisible, deformed body, poison resistance, slowness 2,
spit poison 1, naga tail 2
a: Spit Poison, Renounce Religion, Heroism, Finesse, Duel


You were on level 13 of the Dungeon.
You worshipped Okawaru.
Okawaru was extremely pleased with you.
You visited 3 branches of the dungeon, and saw 19 of its levels.

You collected 1338 gold pieces.
You spent 91 gold pieces at shops.


Innate Abilities, Weirdness & Mutations

Your serpentine skin is tough. (AC +4)
You have supernaturally acute eyesight. (SInv)
Armour fits poorly on your strangely shaped body.
Your system is resistant to poisons. (rPois)
You cover ground very slowly.
You can spit poison.
You can use your snake-like lower body to constrict enemies.


   Skills:
 - Level 11.0(16.0) Fighting
 + Level 17.6(22.6) Ranged Weapons
 - Level 1.3(6.3) Armour
 - Level 8.0(13.0) Dodging
 - Level 1.5(6.5) Stealth
 - Level 10.0 Invocations


You had 13 spell levels left.
You didn't know any spells.
Your spell library was empty.

Inventory:

Hand Weapons
 Y - a +0 longbow (weapon)
Armour
 d - a +2 hat (worn)
 i - a scarf of resistance (worn)
 k - the +5 leather armour of Gozag's Pride (worn) {Str+4 Slay+2}
   (You took it off a kobold on level 3 of the Dungeon)

   Str:       It affects your strength (+4).
   Slay:      It affects your accuracy & damage with ranged weapons and melee
   (+2).
 r - a +2 cloak of poison resistance
Jewellery
 b - a +5 ring of evasion (right hand)
 p - a +6 ring of dexterity (left hand)
Scrolls
 h - 9 scrolls of identify
 j - 8 scrolls of teleportation
 m - 5 scrolls of enchant armour
Potions
 a - 7 potions of mutation
 c - 3 potions of curing
 e - 2 potions of heal wounds
 g - 4 potions of haste
 l - 2 potions of enlightenment
 o - a potion of magic
 q - 5 potions of might

Dungeon Overview and Level Annotations

Branches:
Dungeon (13/15)            Temple (1/1) D:4            Lair (5/5) D:10
  Swamp (0/4) Lair:2       Spider (0/4) Lair:3        Slime (0/5) Lair:5
    Orc (0/2) D:10         Vaults (0/5) D:13

Altars:
Ashenzari
Cheibriados
Dithmenos
Elyvilon
Fedhas
Gozag
Hepliaklqana
Kikubaaqudgha
Makhleb
Nemelex Xobeh
Okawaru
Qazlal
Ru
Sif Muna
Trog
Uskayaw
Vehumet
Wu Jian
Xom
Yredelemnul
Zin
The Shining One
Jiyva

Shops:
D:9 ((:

Portals:
Hell: Lair:5

Annotations:
D:5 2 transporters, qw's ghost, amateur NaHu
D:10 3 runed translucent doors, qw's ghost, journeyman GrHu
D:11 2 transporters, qw's ghost, journeyman GrFi


Message History

The eight-headed hydra bites you. The eight-headed hydra misses you.
The eight-headed hydra completely misses you.
The eight-headed hydra misses you. The eight-headed hydra bites you.
You shoot an arrow.
The arrow hits the vault guard but does no damage.
The vault guard is severely wounded.
The vault guard completely misses you.
The shadow slips into darkness.
The shadow flickers and vanishes for a moment.
The eight-headed hydra bites you.
The eight-headed hydra bites you but does no damage.
The eight-headed hydra closely misses you.
The eight-headed hydra bites you!
The eight-headed hydra completely misses you.
The eight-headed hydra closely misses you.
The eight-headed hydra misses you.
The eight-headed hydra bites you but does no damage.
You shoot an arrow. The arrow hits the vault guard!!!
You kill the vault guard!
Okawaru accepts your kill.
You shoot an arrow. The arrow hits the eight-headed hydra!
The eight-headed hydra is lightly wounded.
The eight-headed hydra bites you.
The eight-headed hydra completely misses you. x2
The eight-headed hydra misses you.
The eight-headed hydra barely misses you.
The eight-headed hydra bites you.
The eight-headed hydra completely misses you.
The eight-headed hydra misses you.
The vampire mumbles some strange words.
The vampire flickers and vanishes for a moment.
17883 ||| READING 9 scrolls of teleportation.
As you read the scroll of teleportation, it crumbles to dust.
You feel strangely unstable. The eight-headed hydra bites you!
The eight-headed hydra bites you but does no damage.
The eight-headed hydra bites you!
The eight-headed hydra completely misses you.
The eight-headed hydra misses you. The eight-headed hydra bites you! x2
You die...

....##........+.......
.. ##..'###+#....<..
##.............. ## ##
##....#......... ... .
##...............
#...#y##.....#+##.......
....Vp#....### #.......
..\cHpD)....# #.....#.
(...yp#@....# #.....#.
#..c# ##....... #....)#.
... ##...### #.....#. #
##..# #.....#. ..#
.....#. ..# #...#. .#
#.#...#. #.#.....
####### #.#.....


You could see an eight-headed hydra, 2 vault guards, a centaur warrior, a
manticore, a vampire (invisible) and a vampire mosquito.

Vanquished Creatures
  A dire elephant (Lair:5)
  A vault guard (D:13)
  2 catoblepae
  4 hydras
  A boulder beetle (D:12)
  4 two-headed ogres
  4 death yaks
  A tengu warrior (D:12)
  A sixfirhy (Lair:5)
  2 skysharks
  2 slime creatures (D:12)
  A wizard (Lair:5)
  2 ugly things
  A wolf spider (Lair:3)
  3 cyclopes
  7 oklob plants
  A manticore (D:12)
  9 elephants (Lair:3)
  4 black mambas
  6 cane toads
  2 rime drakes
  4 orange demons (Lair:5)
  A torpor snail (Lair:5)
  2 kobold demonologists
  13 komodo dragons
  An ice devil (Lair:5)
  A red devil (Lair:5)
  A meliai (shapeshifter) (D:13)
  A hellwing (Lair:5)
  3 hornets
  8 dream sheep
  A vampire (D:11)
  3 basilisks
  4 wraiths
  3 wyverns
  41 yaks
  A swamp worm (Lair:2)
  2 acid dragons
  18 water moccasins
  3 hell hounds (Lair:5)
  3 ice beasts
  4 orc warriors
  A sky beast (D:6)
  A black bear (Lair:2)
  An ogre (D:4)
  5 wolves (Lair:3)
  2 centaurs
  2 phantoms
  A kobold brigand (D:9)
  13 bullfrogs
  2 scorpions
  9 wights
  18 killer bees
  9 howler monkeys
  4 hounds
  A gnoll bouda (D:8)
  4 jellies
  8 orc priests
  4 iguanas
  10 orc wizards
  A mummy (D:5)
  4 gnolls (D:8)
  6 adders
  3 shadow imps
  2 worms
  2 dart slugs (D:5)
  44 orcs
  10 ball pythons
  14 bats
  11 endoplasms
  2 giant cockroaches (D:1)
  10 goblins
  4 hobgoblins
  2 jackals (D:1)
  7 quokkas
  3 frilled lizards
  13 kobolds
  8 rats
418 creatures vanquished.

Notes
Turn   | Place    | Note
-------+----------+-------------------------------------------
     0 | D:1      | qw the Naga Hunter began the quest for the Orb.
     0 | D:1      | Reached XP level 1. HP: 19/19 MP: 1/1
     0 | D:1      | 0 ||| qw: Version: 0.3-a-9-g12657ce
     0 | D:1      | 0 ||| qw: Game counter: 1134
     0 | D:1      | 0 ||| qw: Always use a shield: true
     0 | D:1      | 0 ||| qw: God list: Okawaru
     0 | D:1      | 0 ||| qw: Allow faded altars: false
     0 | D:1      | 0 ||| qw: Do Orc after D:15 true
     0 | D:1      | 0 ||| qw: Do second Lair branch before Depths: true
     0 | D:1      | 0 ||| qw: Lair rune preference: random
     0 | D:1      | 0 ||| qw: Plans: Normal
     0 | D:1      | 0 ||| PLANNING D:1-11
     6 | D:1      | 6 ||| INVOKING Spit Poison.
    11 | D:1      | 11 ||| INVOKING Spit Poison.
    17 | D:1      | 17 ||| INVOKING Spit Poison.
    58 | D:1      | 58 ||| INVOKING Spit Poison.
    61 | D:1      | 61 ||| INVOKING Spit Poison.
    66 | D:1      | 66 ||| INVOKING Spit Poison.
    67 | D:1      | Reached skill level 4 in Ranged Weapons
    67 | D:1      | Reached XP level 2. HP: 24/26 MP: 2/2
   138 | D:1      | 138 ||| INVOKING Spit Poison.
   143 | D:1      | 143 ||| INVOKING Spit Poison.
   146 | D:1      | 146 ||| INVOKING Spit Poison.
   149 | D:1      | 149 ||| INVOKING Spit Poison.
   152 | D:1      | 152 ||| INVOKING Spit Poison.
   191 | D:1      | 191 ||| INVOKING Spit Poison.
   204 | D:1      | 204 ||| INVOKING Spit Poison.
   217 | D:1      | 217 ||| INVOKING Spit Poison.
   218 | D:1      | Reached XP level 3. HP: 32/32 MP: 3/3
   246 | D:1      | 246 ||| INVOKING Spit Poison.
   247 | D:1      | 247 ||| INVOKING Spit Poison.
   255 | D:1      | You fall into a shaft and drop 1 floor!
   419 | D:2      | 419 ||| INVOKING Spit Poison.
   428 | D:2      | 428 ||| INVOKING Spit Poison.
   434 | D:2      | 434 ||| INVOKING Spit Poison.
   438 | D:2      | 438 ||| INVOKING Spit Poison.
   484 | D:2      | 484 ||| INVOKING Spit Poison.
   489 | D:2      | 489 ||| INVOKING Spit Poison.
   494 | D:2      | 494 ||| INVOKING Spit Poison.
   519 | D:2      | 519 ||| INVOKING Spit Poison.
   598 | D:2      | 598 ||| UPGRADING to +1 hat.
   603 | D:2      | 603 ||| UPGRADING to scarf of resistance.
   608 | D:2      | 608 ||| READING scroll labelled BOVVAF VINEI.
   609 | D:2      | 609 ||| READING 3 scrolls labelled HADULO GARCHEDD.
   613 | D:2      | 613 ||| READING scroll labelled UNAETAE HYNIR.
   614 | D:2      | 614 ||| DROPPING scroll of butterflies.
   631 | D:2      | 631 ||| INVOKING Spit Poison.
   659 | D:1      | 659 ||| INVOKING Spit Poison.
   660 | D:1      | Reached skill level 5 in Ranged Weapons
   660 | D:1      | Reached XP level 4. HP: 39/39 MP: 4/4
   705 | D:1      | 705 ||| INVOKING Spit Poison.
   714 | D:1      | 714 ||| INVOKING Spit Poison.
   719 | D:1      | 719 ||| INVOKING Spit Poison.
   723 | D:1      | 723 ||| INVOKING Spit Poison.
   739 | D:1      | 739 ||| INVOKING Spit Poison.
   767 | D:1      | 767 ||| INVOKING Spit Poison.
   817 | D:1      | 817 ||| INVOKING Spit Poison.
   820 | D:1      | 820 ||| INVOKING Spit Poison.
   841 | D:1      | 841 ||| INVOKING Spit Poison.
   923 | D:1      | 923 ||| INVOKING Spit Poison.
   973 | D:1      | 973 ||| INVOKING Spit Poison.
  1009 | D:1      | 1009 ||| INVOKING Spit Poison.
  1109 | D:1      | 1109 ||| READING scroll labelled XOELIC CUSCHUA.
  1110 | D:1      | 1110 ||| READING scroll labelled IXURUNOATU.
  1153 | D:2      | 1153 ||| INVOKING Spit Poison.
  1249 | D:2      | 1249 ||| INVOKING Spit Poison.
  1628 | D:2      | 1628 ||| DRINKING 2 cyan potions.
  1629 | D:2      | 1629 ||| DRINKING 2 bubbling emerald potions.
  1630 | D:2      | 1630 ||| DROPPING potion of brilliance.
  1645 | D:3      | 1645 ||| INVOKING Spit Poison.
  1664 | D:3      | 1664 ||| INVOKING Spit Poison.
  1665 | D:3      | Found a glowing golden altar of the Shining One.
  1667 | D:3      | Found a glowing silver altar of Zin.
  1683 | D:3      | 1683 ||| UPGRADING to +0 leather armour of cold resistance.
  1693 | D:3      | 1693 ||| DROPPING +0 leather armour.
  1694 | D:3      | 1694 ||| INVOKING Spit Poison.
  1697 | D:3      | 1697 ||| INVOKING Spit Poison.
  1790 | D:3      | 1790 ||| INVOKING Spit Poison.
  1798 | D:3      | 1798 ||| DROPPING scarf of harm.
  1812 | D:3      | 1812 ||| DROPPING scarf of resistance.
  1858 | D:3      | 1858 ||| INVOKING Spit Poison.
  1955 | D:3      | 1955 ||| INVOKING Spit Poison.
  2012 | D:3      | 2012 ||| INVOKING Spit Poison.
  2087 | D:3      | Identified the +5 leather armour of Gozag's Pride {Str+4
                  | Slay+2}
  2088 | D:3      | 2088 ||| INVOKING Spit Poison.
  2093 | D:3      | 2093 ||| UPGRADING to +5 leather armour of Gozag's Pride
                  | {Str+4 Slay+2}.
  2103 | D:3      | 2103 ||| DROPPING +0 leather armour of cold resistance.
  2107 | D:3      | 2107 ||| INVOKING Spit Poison.
  2109 | D:3      | Reached skill level 3 in Fighting
  2129 | D:3      | 2129 ||| INVOKING Spit Poison.
  2130 | D:3      | Found a sacrificial altar of Ru.
  2134 | D:3      | Reached XP level 5. HP: 49/49 MP: 5/5
  2138 | D:3      | 2138 ||| INVOKING Spit Poison.
  2243 | D:3      | 2243 ||| READING 2 scrolls labelled VOTZOLOARU.
  2244 | D:3      | 2244 ||| DROPPING scroll of poison.
  2261 | D:4      | Noticed an ogre
  2264 | D:4      | 2264 ||| INVOKING Spit Poison.
  2267 | D:4      | Killed an ogre
  2270 | D:4      | 2270 ||| INVOKING Spit Poison.
  2274 | D:4      | 2274 ||| INVOKING Spit Poison.
  2281 | D:4      | 2281 ||| INVOKING Spit Poison.
  2284 | D:4      | Reached skill level 6 in Ranged Weapons
  2284 | D:4      | Reached XP level 6. HP: 31/56 MP: 6/6
  2527 | D:4      | 2527 ||| INVOKING Spit Poison.
  2532 | D:4      | 2532 ||| INVOKING Spit Poison.
  2541 | D:4      | 2541 ||| INVOKING Spit Poison.
  2544 | D:4      | 2544 ||| INVOKING Spit Poison.
  2722 | D:4      | 2722 ||| INVOKING Spit Poison.
  2734 | D:4      | 2734 ||| INVOKING Spit Poison.
  2739 | D:4      | 2739 ||| INVOKING Spit Poison.
  2742 | D:4      | 2742 ||| INVOKING Spit Poison.
  2747 | D:4      | 2747 ||| INVOKING Spit Poison.
  2796 | D:4      | 2796 ||| INVOKING Spit Poison.
  2802 | D:4      | 2802 ||| INVOKING Spit Poison.
  2805 | D:4      | 2805 ||| INVOKING Spit Poison.
  2885 | D:4      | 2885 ||| INVOKING Spit Poison.
  2899 | D:4      | Found a blossoming altar of Fedhas.
  2915 | D:4      | 2915 ||| INVOKING Spit Poison.
  3017 | D:4      | Found a staircase to the Ecumenical Temple.
  3018 | D:4      | 3018 ||| PLANNING TEMPLE
  3019 | D:4      | 3019 ||| INVOKING Spit Poison.
  3021 | D:4      | Reached XP level 7. HP: 64/64 MP: 7/7
  3021 | D:4      | 3021 ||| UPGRADING to ring of willpower.
  3022 | D:4      | 3022 ||| UPGRADING to +4 ring of protection.
  3023 | D:4      | 3023 ||| READING 4 scrolls labelled XABLEHONKI.
  3024 | D:4      | 3024 ||| READING 3 scrolls of enchant armour.
  3024 | D:4      | 3024 ||| ENCHANTING +1 hat.
  3025 | D:4      | 3025 ||| DRINKING 2 orange potions.
  3026 | D:4      | 3026 ||| READING 2 scrolls of identify.
  3026 | D:4      | 3026 ||| IDENTIFYING lumpy amethyst potion
  3027 | D:4      | 3027 ||| DROPPING potion of lignification.
  3036 | Temple   | Entered the Ecumenical Temple
  3038 | Temple   | 3038 ||| PLANNING OKAWARU WORSHIP
  3416 | Temple   | Became a worshipper of Warmaster Okawaru
  3417 | Temple   | 3417 ||| PLANNING D:1-11
  3455 | D:5      | Entered Level 5 of the Dungeon
  3456 | D:5      | 3456 ||| INVOKING Spit Poison.
  3472 | D:5      | Reached skill level 7 in Ranged Weapons
  3490 | D:5      | HP: 13/61 [wight/+5 dagger (6)]
  3491 | D:5      | 3491 ||| READING 4 scrolls of teleportation.
  3493 | D:5      | Found a snail-covered altar of Cheibriados.
  3494 | D:5      | 3494 ||| READING 3 scrolls of teleportation.
  3497 | D:5      | HP: 3/59 [mummy (8)]
  3771 | D:5      | Identified the +4 dire flail of Lies {heavy, Int+4 SInv
                  | Stlth+}
  3773 | D:5      | Noticed qw's ghost (amateur NaHu)
  3774 | D:5      | Found a transporter.
  3779 | D:5      | Found a transporter.
  3801 | D:5      | 3801 ||| INVOKING Spit Poison.
  3805 | D:5      | 3805 ||| INVOKING Spit Poison.
  3812 | D:5      | 3812 ||| INVOKING Spit Poison.
  3816 | D:5      | 3816 ||| INVOKING Spit Poison.
  3826 | D:5      | 3826 ||| INVOKING Spit Poison.
  3910 | D:5      | Reached skill level 8 in Ranged Weapons
  3910 | D:5      | Reached XP level 8. HP: 72/72 MP: 8/8
  3940 | D:5      | 3940 ||| INVOKING Spit Poison.
  3949 | D:5      | 3949 ||| INVOKING Spit Poison.
  3955 | D:5      | 3955 ||| INVOKING Spit Poison.
  4018 | D:5      | Reached * piety under Okawaru
  4023 | D:5      | Reached skill level 1 in Invocations
  4043 | D:5      | 4043 ||| READING scroll of enchant weapon.
  4043 | D:5      | 4043 ||| ENCHANTING +1 shortbow.
  4152 | D:5      | 4152 ||| INVOKING Spit Poison.
  4226 | D:5      | 4226 ||| INVOKING Spit Poison.
  4231 | D:5      | 4231 ||| INVOKING Spit Poison.
  4513 | D:5      | 4513 ||| DROPPING ring of ice.
  4514 | D:5      | 4514 ||| UPGRADING to +6 ring of dexterity.
  4516 | D:5      | 4516 ||| DROPPING ring of willpower.
  4517 | D:5      | 4517 ||| READING scroll labelled HUVEAMAKIGH.
  4538 | D:6      | 4538 ||| INVOKING Heroism.
  4539 | D:6      | 4539 ||| INVOKING Spit Poison.
  4547 | D:6      | 4547 ||| INVOKING Spit Poison.
  4559 | D:6      | 4559 ||| STAIRDANCE
  4634 | D:6      | 4634 ||| INVOKING Heroism.
  4662 | D:6      | 4662 ||| INVOKING Spit Poison.
  4678 | D:6      | 4678 ||| INVOKING Spit Poison.
  4684 | D:6      | Reached skill level 3 in Dodging
  4684 | D:6      | Reached skill level 3 in Invocations
  4734 | D:6      | 4734 ||| INVOKING Spit Poison.
  4767 | D:6      | 4767 ||| INVOKING Spit Poison.
  4770 | D:6      | 4770 ||| INVOKING Spit Poison.
  4834 | D:6      | 4834 ||| INVOKING Spit Poison.
  4839 | D:6      | 4839 ||| INVOKING Spit Poison.
  4845 | D:6      | 4845 ||| INVOKING Spit Poison.
  4950 | D:6      | 4950 ||| READING scroll of enchant weapon.
  4950 | D:6      | 4950 ||| ENCHANTING +2 shortbow.
  5119 | D:6      | 5119 ||| INVOKING Spit Poison.
  5122 | D:6      | 5122 ||| INVOKING Spit Poison.
  5130 | D:6      | 5130 ||| INVOKING Spit Poison.
  5521 | D:6      | 5521 ||| INVOKING Spit Poison.
  5530 | D:6      | Reached XP level 9. HP: 81/81 MP: 12/12
  5831 | D:6      | 5831 ||| READING scroll labelled UJUOVU LOUNOMO.
  5832 | D:6      | 5832 ||| READING 4 scrolls of identify.
  5832 | D:6      | 5832 ||| IDENTIFYING silvery potion
  5833 | D:6      | 5833 ||| READING 3 scrolls of identify.
  5833 | D:6      | 5833 ||| IDENTIFYING white potion
  5834 | D:6      | 5834 ||| READING 2 scrolls of identify.
  5834 | D:6      | 5834 ||| IDENTIFYING murky grey potion
  5835 | D:6      | 5835 ||| DRINKING potion of experience.
  5835 | D:6      | Reached skill level 13 in Ranged Weapons
  5835 | D:6      | Reached XP level 10. HP: 88/88 MP: 13/13
  6058 | D:7      | 6058 ||| INVOKING Spit Poison.
  6120 | D:7      | 6120 ||| INVOKING Spit Poison.
  6278 | D:7      | 6278 ||| INVOKING Spit Poison.
  6284 | D:7      | 6284 ||| INVOKING Spit Poison.
  6456 | D:7      | Found a shimmering blue altar of Sif Muna.
  6457 | D:7      | Found an ancient bone altar of Kikubaaqudgha.
  6457 | D:7      | Found a radiant altar of Vehumet.
  6635 | D:7      | 6635 ||| INVOKING Heroism.
  6636 | D:7      | 6636 ||| Stepping ~*~*~tactically~*~*~ (outnumbered).
  6638 | D:7      | 6638 ||| INVOKING Spit Poison.
  6641 | D:7      | Reached skill level 6 in Fighting
  6645 | D:7      | 6645 ||| INVOKING Spit Poison.
  6652 | D:7      | 6652 ||| INVOKING Spit Poison.
  6802 | D:8      | 6802 ||| INVOKING Heroism.
  6803 | D:8      | 6803 ||| INVOKING Spit Poison.
  6810 | D:8      | 6810 ||| INVOKING Spit Poison.
  6816 | D:8      | 6816 ||| INVOKING Spit Poison.
  6820 | D:8      | 6820 ||| INVOKING Spit Poison.
  6821 | D:8      | Reached ** piety under Okawaru
  6863 | D:8      | 6863 ||| INVOKING Spit Poison.
  6868 | D:8      | 6868 ||| INVOKING Spit Poison.
  6888 | D:8      | 6888 ||| INVOKING Spit Poison.
  6892 | D:8      | 6892 ||| Stepping ~*~*~tactically~*~*~ (outnumbered).
  6894 | D:8      | 6894 ||| Stepping ~*~*~tactically~*~*~ (outnumbered).
  6895 | D:8      | 6895 ||| INVOKING Spit Poison.
  6900 | D:8      | 6900 ||| INVOKING Spit Poison.
  7059 | D:8      | 7059 ||| INVOKING Spit Poison.
  7073 | D:8      | 7073 ||| INVOKING Spit Poison.
  7147 | D:8      | 7147 ||| INVOKING Spit Poison.
  7216 | D:8      | 7216 ||| INVOKING Heroism.
  7220 | D:8      | 7220 ||| INVOKING Spit Poison.
  7261 | D:8      | Noticed a two-headed ogre
  7262 | D:8      | 7262 ||| INVOKING Heroism.
  7266 | D:8      | 7266 ||| INVOKING Spit Poison.
  7268 | D:8      | Killed a two-headed ogre
  7386 | D:9      | Found Udiyri's Antique Weapon Shoppe.
  7393 | D:9      | 7393 ||| INVOKING Spit Poison.
  7409 | D:9      | 7409 ||| INVOKING Spit Poison.
  7413 | D:9      | Paralysed by a hornet for 1 turns
  7415 | D:9      | 7415 ||| INVOKING Spit Poison.
  7419 | D:9      | Reached skill level 1 in Armour
  7526 | D:9      | 7526 ||| INVOKING Spit Poison.
  7534 | D:9      | 7534 ||| INVOKING Spit Poison.
  7537 | D:9      | Reached *** piety under Okawaru
  7541 | D:9      | 7541 ||| INVOKING Spit Poison.
  7549 | D:9      | 7549 ||| INVOKING Spit Poison.
  7610 | D:9      | Identified the +3 falchion of Kyahonop {drain, Fly rF+
                  | Will+ Dex+2}
  7646 | D:9      | Found Umidwuma's Book Boutique.
  7649 | D:9      | 7649 ||| INVOKING Spit Poison.
  7685 | D:9      | 7685 ||| INVOKING Spit Poison.
  7770 | D:9      | 7770 ||| INVOKING Spit Poison.
  7817 | D:9      | Noticed a kobold demonologist
  7821 | D:9      | Noticed a rust devil
  7822 | D:9      | Noticed an orange demon
  7822 | D:9      | 7822 ||| INVOKING Spit Poison.
  7829 | D:9      | 7829 ||| INVOKING Spit Poison.
  7835 | D:9      | 7835 ||| INVOKING Heroism.
  7837 | D:9      | 7837 ||| DRINKING potion of cancellation.
  7838 | D:9      | 7838 ||| INVOKING Spit Poison.
  7839 | D:9      | Killed a kobold demonologist
  7840 | D:9      | Reached XP level 11. HP: 49/100 MP: 11/14
  7882 | D:9      | 7882 ||| INVOKING Heroism.
  7884 | D:9      | 7884 ||| INVOKING Spit Poison.
  7962 | D:9      | 7962 ||| INVOKING Spit Poison.
  8031 | D:9      | Found Osaa's Weapon Shoppe.
  8040 | D:9      | 8040 ||| BUYING +0 longbow (91 gold).
  8040 | D:9      | Bought a +0 longbow for 91 gold pieces
  8040 | D:9      | 8040 ||| SWAPPING to +0 longbow.
  8041 | D:9      | 8041 ||| DROPPING +3 shortbow.
  8152 | D:9      | 8152 ||| Stepping ~*~*~tactically~*~*~ (outnumbered).
  8154 | D:9      | 8154 ||| INVOKING Spit Poison.
  8159 | D:9      | 8159 ||| INVOKING Heroism.
  8161 | D:9      | 8161 ||| INVOKING Spit Poison.
  8165 | D:9      | 8165 ||| INVOKING Spit Poison.
  8373 | D:9      | 8373 ||| INVOKING Spit Poison.
  8495 | D:9      | 8495 ||| READING scroll labelled CUSOCV ENOTEIC.
  8496 | D:9      | 8496 ||| DRINKING 2 lumpy silvery potions.
  8497 | D:9      | 8497 ||| READING 3 scrolls of identify.
  8497 | D:9      | 8497 ||| IDENTIFYING glowing white potion
  8498 | D:9      | 8498 ||| READING 2 scrolls of identify.
  8498 | D:9      | 8498 ||| IDENTIFYING golden potion
  8527 | D:10     | Entered Level 10 of the Dungeon
  8560 | D:10     | 8560 ||| INVOKING Spit Poison.
  8564 | D:10     | 8564 ||| INVOKING Spit Poison.
  8570 | D:10     | 8570 ||| INVOKING Spit Poison.
  8577 | D:10     | 8577 ||| INVOKING Spit Poison.
  8582 | D:10     | 8582 ||| INVOKING Spit Poison.
  8647 | D:10     | Noticed qw's ghost (journeyman GrHu)
  8669 | D:10     | Noticed a yaktaur captain
  8672 | D:10     | Found a runed translucent gate.
  8672 | D:10     | Found a runed translucent gate.
  8672 | D:10     | Found a runed translucent gate.
  8736 | D:10     | Noticed an oklob plant
  8737 | D:10     | 8737 ||| INVOKING Heroism.
  8739 | D:10     | Found a staircase to the Lair.
  8740 | D:10     | Noticed an oklob plant
  8754 | D:10     | 8754 ||| INVOKING Heroism.
  8765 | D:10     | Killed an oklob plant
  8766 | D:10     | 8766 ||| INVOKING Spit Poison.
  8778 | D:10     | 8778 ||| INVOKING Heroism.
  8782 | D:10     | HP: 23/104 [oklob plant/splash of acid (17)]
  8783 | D:10     | 8783 ||| READING 6 scrolls of teleportation.
  8784 | D:10     | 8784 ||| DRINKING potion of heal wounds.
  8787 | D:10     | Killed an oklob plant
  9010 | D:10     | Reached skill level 9 in Fighting
  9343 | D:10     | Noticed a two-headed ogre
  9344 | D:10     | 9344 ||| INVOKING Heroism.
  9346 | D:10     | 9346 ||| INVOKING Spit Poison.
  9351 | D:10     | Killed a two-headed ogre
  9365 | D:10     | 9365 ||| INVOKING Spit Poison.
  9406 | D:10     | 9406 ||| INVOKING Heroism.
  9412 | D:10     | 9412 ||| INVOKING Spit Poison.
  9422 | D:10     | Reached skill level 6 in Dodging
  9427 | D:10     | 9427 ||| INVOKING Spit Poison.
  9429 | D:10     | Found a staircase to the Orcish Mines.
  9432 | D:10     | 9432 ||| INVOKING Spit Poison.
  9441 | D:10     | 9441 ||| INVOKING Spit Poison.
  9444 | D:10     | 9444 ||| Stepping ~*~*~tactically~*~*~ (outnumbered).
  9448 | D:10     | 9448 ||| INVOKING Spit Poison.
  9545 | D:10     | Found a sparkling altar of Nemelex Xobeh.
  9904 | D:10     | 9904 ||| PLANNING LAIR
  9952 | Lair:1   | Entered Level 1 of the Lair of Beasts
 10058 | Lair:1   | 10058 ||| INVOKING Spit Poison.
 10062 | Lair:1   | Reached skill level 14 in Ranged Weapons
 10206 | Lair:1   | 10206 ||| INVOKING Heroism.
 10207 | Lair:1   | 10207 ||| INVOKING Spit Poison.
 10211 | Lair:1   | 10211 ||| INVOKING Spit Poison.
 10240 | Lair:1   | 10240 ||| INVOKING Heroism.
 10283 | Lair:1   | 10283 ||| INVOKING Spit Poison.
 10338 | Lair:1   | 10338 ||| INVOKING Spit Poison.
 10386 | Lair:1   | 10386 ||| INVOKING Spit Poison.
 10393 | Lair:1   | Reached **** piety under Okawaru
 10394 | Lair:1   | Noticed a catoblepas
 10395 | Lair:1   | 10395 ||| INVOKING Heroism.
 10398 | Lair:1   | 10398 ||| Stepping ~*~*~tactically~*~*~ (outnumbered).
 10402 | Lair:1   | 10402 ||| INVOKING Spit Poison.
 10407 | Lair:1   | Killed a catoblepas
 10410 | Lair:1   | 10410 ||| INVOKING Spit Poison.
 10411 | Lair:1   | 10411 ||| INVOKING Heroism.
 10572 | Lair:1   | 10572 ||| INVOKING Spit Poison.
 10573 | Lair:1   | Reached XP level 12. HP: 116/116 MP: 15/15
 10679 | Lair:1   | Found a shimmering blue altar of Sif Muna.
 10790 | Lair:1   | 10790 ||| UPGRADING to +5 ring of evasion.
 10792 | Lair:1   | 10792 ||| DROPPING +4 ring of protection.
 10793 | Lair:1   | 10793 ||| READING 2 scrolls of identify.
 10793 | Lair:1   | 10793 ||| IDENTIFYING smoky brown potion
 10831 | Lair:2   | 10831 ||| INVOKING Heroism.
 10954 | Lair:2   | 10954 ||| INVOKING Heroism.
 11083 | Lair:2   | Noticed a skyshark
 11089 | Lair:2   | 11089 ||| INVOKING Heroism.
 11090 | Lair:2   | Killed a skyshark
 11091 | Lair:2   | Reached skill level 6 in Invocations
 11301 | Lair:2   | 11301 ||| INVOKING Heroism.
 11334 | Lair:2   | Noticed an eight-headed hydra
 11336 | Lair:2   | 11336 ||| INVOKING Heroism.
 11343 | Lair:2   | Killed an eight-headed hydra
 11360 | Lair:2   | Noticed a five-headed hydra
 11361 | Lair:2   | 11361 ||| INVOKING Heroism.
 11367 | Lair:2   | Killed a five-headed hydra
 11418 | Lair:2   | Found a staircase to the Swamp.
 11461 | Lair:2   | Reached skill level 15 in Ranged Weapons
 11515 | Lair:2   | 11515 ||| INVOKING Heroism.
 11683 | Lair:2   | 11683 ||| INVOKING Heroism.
 11684 | Lair:2   | 11684 ||| READING 4 scrolls of identify.
 11684 | Lair:2   | 11684 ||| IDENTIFYING murky silvery potion
 11685 | Lair:2   | 11685 ||| DROPPING potion of attraction.
 11754 | Lair:2   | 11754 ||| INVOKING Heroism.
 11832 | Lair:2   | 11832 ||| INVOKING Heroism.
 11917 | Lair:2   | 11917 ||| INVOKING Heroism.
 12185 | Lair:3   | 12185 ||| INVOKING Heroism.
 12233 | Lair:3   | 12233 ||| INVOKING Heroism.
 12246 | Lair:3   | Gained mutation: You can use your snake-like lower body to
                  | constrict enemies. [Naga growth]
 12246 | Lair:3   | Reached XP level 13. HP: 123/123 MP: 17/19
 12251 | Lair:3   | Reached skill level 9 in Invocations
 12376 | Lair:3   | Reached ***** piety under Okawaru
 12446 | Lair:3   | Found a hole to the Spider Nest.
 12447 | Lair:3   | 12447 ||| INVOKING Heroism.
 12449 | Lair:3   | 12449 ||| Stepping ~*~*~tactically~*~*~ (outnumbered).
 12459 | Lair:3   | 12459 ||| INVOKING Finesse.
 12460 | Lair:3   | 12460 ||| Stepping ~*~*~tactically~*~*~ (cloud).
 12465 | Lair:3   | 12465 ||| Stepping ~*~*~tactically~*~*~ (cloud).
 12467 | Lair:3   | 12467 ||| Stepping ~*~*~tactically~*~*~ (cloud).
 12771 | Lair:3   | 12771 ||| INVOKING Heroism.
 12951 | Lair:3   | 12951 ||| INVOKING Heroism.
 13311 | Lair:3   | 13311 ||| READING scroll labelled MER DAANAUR PEMO.
 13332 | Lair:4   | 13332 ||| STAIRDANCE
 13334 | Lair:3   | 13334 ||| INVOKING Heroism.
 13688 | Lair:4   | Reached skill level 16 in Ranged Weapons
 14122 | Lair:4   | 14122 ||| INVOKING Heroism.
 14123 | Lair:4   | 14123 ||| INVOKING Finesse.
 14342 | Lair:4   | 14342 ||| READING scroll labelled GAR LYINU JEK.
 14353 | Lair:5   | Entered Level 5 of the Lair of Beasts
 14429 | Lair:5   | Found a viscous altar of Jiyva.
 14429 | Lair:5   | Found a staircase to the Slime Pits.
 14626 | Lair:5   | 14626 ||| INVOKING Heroism.
 14627 | Lair:5   | 14627 ||| INVOKING Finesse.
 14659 | Lair:5   | 14659 ||| INVOKING Heroism.
 14760 | Lair:5   | Noticed a dire elephant
 14761 | Lair:5   | 14761 ||| INVOKING Heroism.
 14769 | Lair:5   | Killed a dire elephant
 14818 | Lair:5   | 14818 ||| INVOKING Heroism.
 14900 | Lair:5   | 14900 ||| INVOKING Heroism.
 14906 | Lair:5   | Reached XP level 14. HP: 135/135 MP: 18/21
 14968 | Lair:5   | Found a burning altar of Makhleb.
 14969 | Lair:5   | 14969 ||| Stepping ~*~*~tactically~*~*~ (outnumbered).
 14979 | Lair:5   | 14979 ||| INVOKING Heroism.
 14980 | Lair:5   | 14980 ||| Stepping ~*~*~tactically~*~*~ (outnumbered).
 14981 | Lair:5   | 14981 ||| Stepping ~*~*~tactically~*~*~ (outnumbered).
 15014 | Lair:5   | 15014 ||| INVOKING Finesse.
 15263 | Lair:5   | Found a gateway to Hell.
 15698 | Lair:5   | 15698 ||| PLANNING D:1-11
 15698 | Lair:5   | 15698 ||| READING scroll labelled PUIKOA EPUAH.
 16016 | D:11     | Found a transporter.
 16019 | D:11     | Noticed qw's ghost (journeyman GrFi)
 16105 | D:11     | Found a transporter.
 16160 | D:11     | Identified the +0 chain mail "Ebeywn" {rElec Str+2}
 16175 | D:11     | Received a gift from Okawaru
 16218 | D:11     | Reached skill level 17 in Ranged Weapons
 16241 | D:11     | 16241 ||| Stepping ~*~*~tactically~*~*~ (outnumbered).
 16471 | D:11     | 16471 ||| PLANNING D
 16471 | D:11     | 16471 ||| READING scroll labelled WUVVEO AMMAUC.
 16553 | D:12     | 16553 ||| INVOKING Heroism.
 17086 | D:12     | 17086 ||| INVOKING Heroism.
 17087 | D:12     | 17087 ||| INVOKING Finesse.
 17868 | D:13     | Found a gate to the Vaults.
 17869 | D:13     | 17869 ||| INVOKING Heroism.
 17870 | D:13     | 17870 ||| Stepping ~*~*~tactically~*~*~ (outnumbered).
 17882 | D:13     | HP: 30/135 [eight-headed hydra (6)]
 17883 | D:13     | 17883 ||| READING 9 scrolls of teleportation.
 17883 | D:13     | HP: 8/135 [eight-headed hydra (8)]
 17883 | D:13     | Slain by an eight-headed hydra

Levels and vault maps discovered:
D:1:      dpeg_arrival_pond, layout_loops_ring
D:2:      minmay_recursive_quarters, layout_loops_ring
D:3:      layout_rooms, nicolae_ru_great_annihilating_truth,
          jmf_multi_god_temple, minmay_cut_off
D:4:      minmay_chambers_of_twos, layout_basic, fedhas_altar_3,
          minmay_temple_entry_proselytizer
D:5:      layout_loops_ring, chei_slow_surprise, gammafunk_ghost_smash,
          serial_aquarium, aquarium_bridge_square [aquarium_subvault_wall,
          aquarium_subvault_wall, aquarium_subvault_wall,
          aquarium_subvault_bridge], aquarium_window_fake, aquarium_window_fake,
          aquarium_window_1, aquarium_window_fake, aquarium_view_2e,
          aquarium_view_2g
D:6:      layout_layer_cave
D:7:      layout_layer_cave, grunt_temple_overflow_magic_moments,
          minmay_misc_feat_cross, hangedman_decor_peaks_small
D:8:      layout_loops_ring
D:9:      layout_irregular_city, serial_shops, shop, nicolae_shop_dealshenge,
          shop
D:10:     layout_loops_corners, nemelex_diamond_rough_becter, dpeg_oklobed_lair,
          minmay_orc_entry_temple_small, gammafunk_ghost_split
D:11:     layout_cave_pools, gammafunk_ghost_stat_death
D:12:     layout_basic
D:13:     layout_stronghold, lightli_vaults_fourway_checkpoint,
          nicolae_sif_muna_little_library
Temple:   compressed_dpeg_triangle_lava_temple
Lair:1:   layout_regular_city, basic_altar, serial_bayou_shore_b
Lair:2:   minmay_lair_oklob_tunnel, layout_gridlike, palyth_hydra_swamp_entry,
          beast_lair_carwin_8
Lair:3:   layout_chaotic_city, spider_nest_entry_rubble
Lair:4:   layout_roguey, serial_bayou, serial_bayou_shore_a,
          serial_bayou_pond_e, serial_bayou_ford_a, serial_bayou_lagoon_a,
          serial_bayou_crossing, serial_bayou_lagoon_b, beast_lair_carwin_6
Lair:5:   evil_forest, layout_big_grid, nicolae_slime_entry_slimehenge

Skill      XL: |  1  2  3  4  5  6  7  8  9 10 11 12 13 14 |
---------------+-------------------------------------------+-----
Ranged Weapons | 4 5 6 8 13 14 15 16 17 | 17.6
Fighting       | 3 4 5 7 10 11 | 11.0
Dodging        | 2 3 5 6 7 8 |  8.0
Invocations    | 4 8 10 | 10.0
Armour         | 1 |  1.3
Stealth        | |  1.5

Action                     |  1- 3 |  4- 6 |  7- 9 | 10-12 | 13-15 || total
---------------------------+-------+-------+-------+-------+-------++-------
   Fire: Shortbow          |    82 |   106 |   174 |   184 |       ||   546
         Longbow           |       |       |       |   366 |   579 ||   945
 Invoke: Heroism           |       |       |     2 |    29 |    14 ||    45
         Finesse           |       |       |       |       |     5 ||     5
Ability: Spit Poison       |    25 |    45 |    26 |    62 |       ||   158
    Use: Scroll            |     3 |     3 |    12 |     6 |     5 ||    29
         Potion            |       |     2 |     2 |     3 |       ||     7
 Armour: Leather armour    |    16 |    21 |    48 |    82 |    77 ||   244
  Dodge: Dodged            |    30 |    28 |    47 |   154 |   388 ||   647

Table legend:
 A = Non-vault XP
 B = Vault XP
 C = Vault XP percentage of total XP
 D = Non-vault monster count
 E = Vault monster count
 F = Vault count percentage of total count
                 A         B        C        D         E       F
            +---------+---------+-------+---------+---------+-------
      Total |   44860 |   24624 |  35.4 |     321 |      97 |  23.2
            +---------+---------+-------+---------+---------+-------
        D:1 |      60 |       0 |   0.0 |      35 |       0 |   0.0
        D:2 |      20 |      29 |  59.2 |      12 |      11 |  47.8
        D:3 |      26 |      42 |  61.8 |      13 |       7 |  35.0
        D:4 |     242 |     224 |  48.1 |      10 |       9 |  47.4
        D:5 |     703 |      16 |   2.2 |      24 |       1 |   4.0
        D:6 |    1030 |       0 |   0.0 |      22 |       0 |   0.0
        D:7 |     811 |       0 |   0.0 |      13 |       0 |   0.0
        D:8 |    2006 |       0 |   0.0 |      25 |       0 |   0.0
        D:9 |    2936 |       0 |   0.0 |      26 |       0 |   0.0
       D:10 |    2351 |    1357 |  36.6 |      13 |      12 |  48.0
       D:11 |    3197 |       0 |   0.0 |      26 |       0 |   0.0
       D:12 |    5896 |       0 |   0.0 |      12 |       0 |   0.0
       D:13 |    1347 |     868 |  39.2 |       3 |       1 |  25.0
     Lair:1 |    4239 |       0 |   0.0 |      15 |       0 |   0.0
     Lair:2 |    4929 |    6973 |  58.6 |      18 |      20 |  52.6
     Lair:3 |   11111 |     565 |   4.8 |      36 |       1 |   2.7
     Lair:4 |    2035 |    2598 |  56.1 |       9 |       6 |  40.0
     Lair:5 |    1921 |   11952 |  86.2 |       9 |      29 |  76.3
            +---------+---------+-------+---------+---------+-------
